 Dungeon Crawl Stone Soup version 0.23.2 (webtiles) character file.

Game seed: 15083255446042876124

74 davaitedunem the Ruffian (level 4, -1/45 HPs)
             Began as a Troll Berserker on Apr 10, 2019.
             Was a Believer of Trog.
             Slain by an orc warrior
             ... wielding a +1 trident of flaming
              (10 damage)
             ... on level 3 of the Dungeon.
             The game lasted 00:12:22 (769 turns).

davaitedunem the Ruffian (Troll Berserker)           Turns: 769, Time: 00:12:23

Health: -1/45      AC:  6    Str: 25    XL:     4   Next: 10%
Magic:  3/3        EV: 10    Int:  3    God:    Trog [**....]
Gold:   54         SH:  0    Dex: 10    Spells: 3/3 levels left

rFire    . . .     SeeInvis .     - Unarmed
rCold    . . .     Gourm    +   (no shield)
rNeg     . . .     Faith    .   a - +0 animal skin
rPois    .         Spirit   .   (helmet restricted)
rElec    .         Reflect  .   (no cloak)
rCorr    .         Harm     .   (gloves unavailable)
MR       .....                  (boots unavailable)
Stlth    +.........             (no amulet)
HPRegen  0.55/turn              (no ring)
MPRegen  0.08/turn              (no ring)

@: no status effects
A: large, unfitting armour, claws 3, fast metabolism 3, gourmand, regeneration
1, shaggy fur 1, tough skin 3
a: Berserk, Trog's Hand, Renounce Religion


You were on level 3 of the Dungeon.
You worshipped Trog.
Trog was pleased with you.
You were full.

You visited 1 branch of the dungeon, and saw 3 of its levels.

You collected 54 gold pieces.

Inventory:

Missiles
 h - 17 stones (quivered)
Armour
 a - a +0 animal skin (worn)
Scrolls
 c - a scroll of enchant armour {unknown}
 d - 3 scrolls of teleportation {unknown}
 e - a scroll of remove curse {unknown}
 f - 2 scrolls of identify {unknown}
 i - a scroll of blinking {unknown}
 k - a scroll of fear {unknown}
Potions
 g - a potion of heal wounds {unknown}
 j - a potion of curing {unknown}
Comestibles
 b - 3 rations


   Skills:
 + Level 3.0 Fighting
 + Level 3.1 Dodging
 + Level 3.7 Unarmed Combat


You had 3 spell levels left.
You didn't know any spells.
Your spell library was empty.

Dungeon Overview and Level Annotations

Branches:
Dungeon (3/15)

Altars:


Innate Abilities, Weirdness & Mutations

You are too large for most types of armour.
You have claws for hands.
Your metabolism is lightning-fast.
You like to eat raw meat.
Your natural rate of healing is unusually fast.
You are covered in fur. (AC +1)
You have extremely tough skin. (AC +3)


Message History

The orc warrior burns you. The orc warrior closely misses you.
Throwing (i - inventory)
h - 18 stones (quivered)
Press: ? - help, Shift-Dir - straight line, f/p - orc warrior
Aim: an orc warrior, wielding a +1 trident of flaming and wearing a +0 chain mail You throw a stone.
The stone hits the orc warrior but does no damage.
The orc warrior completely misses you.
You scratch the orc warrior.
The orc warrior is lightly wounded.
The orc warrior hits you but does no damage.
You completely miss the orc warrior.
The orc warrior is lightly wounded.
The orc warrior hits you with a +1 trident of flaming!!
The orc warrior burns you!
* * * LOW HITPOINT WARNING * * *
You barely miss the orc warrior.
The orc warrior is lightly wounded.
The orc warrior hits you with a +1 trident of flaming!
You die...

... #.. #.# #.# #
#.# ... #.# ##.#
#)# $...# #.#
.....# #@#
..........###o#
...≈.....(o.(.#
..≈≈.((.≈≈≈..≈#
...≈≈≈≈≈≈≈≈≈.≈##
.≈≈≈≈≈≈≈≈≈≈≈≈..##
...≈≈≈≈≈≈≈≈≈≈.≈..#
....≈≈≈≈♣≈≈≈≈≈≈#.##
#..≈≈≈≈_.≈≈≈≈.#..#


You could see an orc warrior.

Vanquished Creatures
  A howler monkey (D:3)
  An ooze (D:1)
  2 dart slugs (D:1)
  A leopard gecko (D:1)
  An orc (D:3)
  A bat (D:1)
  A giant cockroach (D:3)
  4 goblins
  6 hobgoblins (D:1)
  2 jackals (D:3)
  3 kobolds
  2 rats
25 creatures vanquished.

Notes
Turn   | Place    | Note
-------+----------+-------------------------------------------
     0 | D:1      | davaitedunem the Troll Berserker began the quest for the
                  | Orb.
     0 | D:1      | Reached XP level 1. HP: 22/22 MP: 0/0
    93 | D:1      | Reached XP level 2. HP: 25/29 MP: 1/1
   573 | D:2      | Reached XP level 3. HP: 36/36 MP: 2/2
   591 | D:2      | You fall through a shaft!
   618 | D:3      | Found a faded altar of an unknown god.
   719 | D:3      | Reached XP level 4. HP: 45/45 MP: 3/3
   730 | D:3      | Reached ** piety under Trog
   751 | D:3      | Noticed an orc warrior
   769 | D:3      | Slain by an orc warrior

Skill      XL: |  1  2  3 |
---------------+----------+-----
Fighting       | 3 |  3.0
Dodging        | 3 |  3.1
Unarmed Combat | |  3.7

Action                   |  1- 3 |  4- 6 || total
-------------------------+-------+-------++-------
Melee: Unarmed           |    49 |    16 ||    65
Throw: Stone             |       |     6 ||     6
  Eat: Chunk             |     5 |     4 ||     9
Armor: Animal skin       |    15 |     5 ||    20
Dodge: Dodged            |    18 |     9 ||    27
